[Event "November 21 Early 2023"]
[Site "https://www.chess.com"]
[Date "2023.11.21"]
[Round "3"]
[White "Grunberg, Mihai-Lucian"]
[Black "Lesbekova, Assel"]
[Result "1-0"]
[Board "151"]
[TimeControl "180+1"]
[WhiteFideId "1204149"]
[BlackFideId "13713248"]
[WhiteElo "2363"]
[BlackElo "1861"]
[WhiteTeam "ROU"]
[BlackTeam "KGZ"]
[WhiteClock "0:01:21"]
[BlackClock "0:01:14"]

1. e4 e5 2. Nf3 Nf6 3. Nc3 Nc6 4. Be2 d5 5. exd5 Nxd5 6. d4 exd4 7. Nxd4 Nxc3 8. bxc3 Ne5 9. O-O Be7 10. Bf4 Ng6 11. Bg3 O-O 12. Nb5 c6 13. Nc7 Rb8 14. Rb1 Bh4 15. Qxd8 Rxd8 16. Na6 Bxg3 17. fxg3 Ra8 18. Nc7 Rb8 19. Bc4 Ne5 20. Bb3 Bg4 21. Rbe1 Rbc8 22. Na6 Re8 23. Nc5 b6 24. Nd3 Nxd3 25. Bxf7+ Kh8 26. Bxe8 Nxe1 27. Rf8# 1-0

[Event "November 21 Early 2023"]
[Site "https://www.chess.com"]
[Date "2023.11.21"]
[Round "3"]
[White "Kornyukov, Alexey"]
[Black "Jovic, Stanoje"]
[Result "1/2-1/2"]
[Board "152"]
[TimeControl "180+1"]
[WhiteFideId "4150457"]
[BlackFideId "905020"]
[WhiteElo "2352"]
[BlackElo "2249"]
[WhiteTeam "RUS"]
[BlackTeam "SRB"]
[WhiteClock "0:00:04"]
[BlackClock "0:00:04"]

1. d4 Nf6 2. Nc3 d5 3. Bg5 e6 4. e4 Bb4 5. e5 h6 6. Bc1 Ne4 7. Qg4 Nxc3 8. Qxg7 Rf8 9. a3 Ba5 10. Bd2 c5 11. dxc5 Ne4 12. Bxa5 Qxa5+ 13. b4 Qd8 14. Qxh6 f6 15. Bb5+ Nc6 16. Qg6+ Kd7 17. f3 Nc3 18. Bxc6+ bxc6 19. Qd3 Nb5 20. c4 Nc7 21. cxd5 cxd5 22. b5 fxe5 23. c6+ Ke8 24. Qg6+ Rf7 25. Qg8+ Ke7 26. Qg5+ Rf6 27. Qg7+ Kd6 28. Ne2 Qf8 29. Qg3 Qh6 30. O-O Rg6 31. Qf2 Ke7 32. Qc5+ Kf7 33. Qd6 Qe3+ 34. Rf2 Ne8 35. Qb4 a6 36. b6 a5 37. Qb2 Ba6 38. b7 Rb8 39. Re1 Nc7 40. Qb1 Bd3 41. Qb2 Qc5 42. Qd2 Bxe2 43. Qxe2 Qxc6 44. Qxe5 Rxb7 45. Qh5 Kg7 46. Qe5+ Rf6 47. Qg5+ Kf7 48. Qh5+ Ke7 49. Qh7+ Rf7 50. Qh4+ Kd7 51. Qh8 Rb3 52. Qe5 Qc5 53. Qh5 Qc3 54. Qxf7+ Kd6 55. Qf8+ Kc6 56. Ref1 Rxa3 57. Qf7 Rb3 58. h4 a4 59. h5 a3 60. h6 Rb2 61. Rxb2 axb2 62. h7 Qd4+ 63. Kh1 Qh4+ 64. Kg1 Qh6 65. Rb1 Qc1+ 66. Rxc1+ bxc1=Q+ 67. Kh2 Qh6+ 68. Kg1 d4 69. Qg8 Qe3+ 70. Kh2 Qe5+ 71. Kg1 Qe3+ 72. Kh2 Qh6+ 73. Kg1 Qe3+ 1/2-1/2

[Event "November 21 Early 2023"]
[Site "https://www.chess.com"]
[Date "2023.11.21"]
[Round "3"]
[White "Omariev, Maksim"]
[Black "Rose, Felix"]
[Result "0-1"]
[Board "153"]
[TimeControl "180+1"]
[WhiteFideId "4193423"]
[BlackFideId "5105722"]
[WhiteElo "2554"]
[BlackElo "2039"]
[WhiteTeam "RUS"]
[BlackTeam "MEX"]
[WhiteClock "0:00:02"]
[BlackClock "0:00:21"]

1. g4 d5 2. Bg2 c6 3. h3 e5 4. d4 e4 5. c4 h5 6. g5 h4 7. Nc3 Bb4 8. Qb3 Bxc3+ 9. Qxc3 Be6 10. Bf4 Ne7 11. e3 O-O 12. Ne2 Ng6 13. O-O-O b5 14. c5 a5 15. Bd6 b4 16. Qc2 Re8 17. f4 exf3 18. Bxf3 Qxg5 19. Nf4 Bf5 20. Qf2 a4 21. Rhg1 Qf6 22. Nxg6 Bxg6 23. Be5 Qf5 24. Rxg6 fxg6 25. Qg2 b3 26. e4 bxa2 27. exf5 a1=Q+ 28. Kc2 Qa2 29. Qxg6 Re7 30. f6 Rb7 31. fxg7 Qxb2+ 32. Kd3 Rb3# 0-1

[Event "November 21 Early 2023"]
[Site "https://www.chess.com"]
[Date "2023.11.21"]
[Round "3"]
[White "AndresDelgado77"]
[Black "Badelka, Olga"]
[Result "0-1"]
[Board "154"]
[TimeControl "180+1"]
[BlackFideId "13509926"]
[WhiteElo "2304"]
[BlackElo "2262"]
[BlackTeam "FID"]
[WhiteClock "0:00:19"]
[BlackClock "0:01:44"]

1. e4 e5 2. Nc3 Nf6 3. d4 exd4 4. Qxd4 Nc6 5. Qc4 Bb4 6. Bd2 O-O 7. O-O-O d6 8. f3 Be6 9. Qe2 a5 10. g4 Bxc3 11. Bxc3 Bxa2 12. e5 Nd5 13. exd6 Nxc3 14. bxc3 cxd6 15. Qd3 Qb6 16. Ne2 Ne5 17. Qxd6 Qb1+ 18. Kd2 Nc4+ 19. Ke1 Nxd6 20. Rxb1 Bxb1 0-1

[Event "November 21 Early 2023"]
[Site "https://www.chess.com"]
[Date "2023.11.21"]
[Round "3"]
[White "Pumpkin_in_moonlight"]
[Black "Khater, Sherif"]
[Result "0-1"]
[Board "155"]
[TimeControl "180+1"]
[BlackFideId "2034280"]
[WhiteElo "2298"]
[BlackElo "2552"]
[BlackTeam "USA"]
[WhiteClock "0:00:00"]
[BlackClock "0:00:14"]

1. e4 a6 2. d4 c6 3. h3 d5 4. e5 Bf5 5. Nf3 e6 6. Nh4 Bg6 7. Nxg6 hxg6 8. Bd3 Ne7 9. c3 Nf5 10. Nd2 Nd7 11. Nf3 c5 12. Bg5 Be7 13. Bxe7 Qxe7 14. Qd2 cxd4 15. cxd4 Rc8 16. Rc1 O-O 17. O-O Nb6 18. Qf4 Nc4 19. b3 Nb6 20. h4 Rxc1 21. Rxc1 Rc8 22. Rxc8+ Nxc8 23. Ng5 Nb6 24. Kh2 Nd7 25. Kh3 Qb4 26. Bxf5 gxf5 27. Qc1 Qxd4 28. Qc8+ Nf8 29. g3 Qg4+ 30. Kg2 f4 31. Qe8 f3+ 32. Nxf3 Qh5 33. Ng5 Qg6 34. f3 d4 35. g4 d3 36. Qd8 b5 37. h5 Qh6 38. Kg3 d2 39. Ne4 Qe3 40. Qxd2 Qg1+ 41. Kf4 Qh1 42. Ng3 Qg1 43. Qd3 Qc1+ 44. Qe3 Qc2 45. Ne4 Qxa2 46. Kg3 Qb1 47. h6 Ng6 48. hxg7 Kxg7 49. Nf6 a5 50. Nh5+ Kg8 51. Nf6+ Kg7 0-1

[Event "November 21 Early 2023"]
[Site "https://www.chess.com"]
[Date "2023.11.21"]
[Round "3"]
[White "Nekoo04"]
[Black "Ozates, Tuna"]
[Result "0-1"]
[Board "156"]
[TimeControl "180+1"]
[BlackFideId "6354521"]
[WhiteElo "2290"]
[BlackElo "2151"]
[BlackTeam "TUR"]
[WhiteClock "0:00:00"]
[BlackClock "0:00:23"]

1. d4 Nf6 2. c4 e6 3. g3 Bb4+ 4. Bd2 Be7 5. Bg2 d5 6. Nf3 c6 7. O-O a5 8. Qc2 O-O 9. Bf4 Nbd7 10. Nbd2 h6 11. e4 dxe4 12. Nxe4 Nxe4 13. Qxe4 Nf6 14. Qe2 a4 15. Rfd1 Qb6 16. Rac1 Rd8 17. h3 Bd7 18. Ne5 Be8 19. c5 Qa6 20. Qxa6 Rxa6 21. Nc4 Nd5 22. Bd6 Bg5 23. f4 Bf6 24. a3 Rd7 25. f5 b5 26. cxb6 Nxb6 27. fxe6 fxe6 28. Bxc6 Nxc4 29. Rxc4 Rxd6 30. Bxe8 Rab6 31. Bxa4 Rxb2 0-1

[Event "November 21 Early 2023"]
[Site "https://www.chess.com"]
[Date "2023.11.21"]
[Round "3"]
[White "Minina, Veronika"]
[Black "Tologon tegin, Semetei"]
[Result "1-0"]
[Board "157"]
[TimeControl "180+1"]
[WhiteFideId "4174780"]
[BlackFideId "13800574"]
[WhiteElo "1905"]
[BlackElo "2258"]
[WhiteTeam "RUS"]
[BlackTeam "KGZ"]
[WhiteClock "0:01:46"]
[BlackClock "0:00:42"]

1. Nf3 b6 2. g3 Bb7 3. Bg2 g6 4. O-O Bg7 5. c4 Nf6 6. Nc3 O-O 7. d4 Ne4 8. Qc2 Nxc3 9. Qxc3 c5 10. Qd3 cxd4 11. Nxd4 Bxg2 12. Kxg2 Qc7 13. b3 Nc6 14. Bb2 Rfd8 15. Rad1 d5 16. Nxc6 Qxc6 17. cxd5 Qb7 18. Bxg7 Kxg7 19. Kg1 Kg8 20. e4 e6 21. d6 e5 22. Qb5 f6 23. d7 Kg7 24. Rd5 a6 25. Qd3 Ra7 26. Rd1 Qc6 27. Rd6 Qc5 28. Qf3 1-0

[Event "November 21 Early 2023"]
[Site "https://www.chess.com"]
[Date "2023.11.21"]
[Round "3"]
[White "Tikhonov, Viacheslav"]
[Black "Alhadad, Mahmoud"]
[Result "1-0"]
[Board "158"]
[TimeControl "180+1"]
[WhiteFideId "44196407"]
[BlackFideId "11501863"]
[WhiteElo "2191"]
[BlackElo "1955"]
[WhiteTeam "RUS"]
[BlackTeam "PLE"]
[WhiteClock "0:00:02"]
[BlackClock "0:00:00"]

1. e4 d5 2. exd5 Nf6 3. Nc3 Nxd5 4. Nxd5 Qxd5 5. Qf3 Be6 6. Bd3 Qxf3 7. Nxf3 Nc6 8. Be4 Bd7 9. O-O O-O-O 10. d4 e6 11. Ng5 Be8 12. Bxc6 bxc6 13. Be3 h6 14. Nf3 g5 15. c3 f5 16. Rfe1 Bg7 17. Rad1 Bh5 18. Rd3 Rhe8 19. Red1 f4 20. Bc1 Bg6 21. R3d2 Bh5 22. Rd3 Bg6 23. R3d2 Bh5 24. Re1 Bxf3 25. gxf3 e5 26. Rde2 Rd7 27. dxe5 Rde7 28. e6 Kb7 29. Kg2 c5 30. h4 Kc6 31. hxg5 hxg5 32. Kh3 Kd6 33. Kg4 Bf6 34. Kf5 Rf8 35. Rd1+ Kc6 36. Kg4 Rfe8 37. Rh1 Rxe6 38. Rxe6+ Rxe6 39. Kf5 Rd6 40. Rh6 Bd8 41. Re6 Kd5 42. Re8 Kc4 43. Re6 1-0

[Event "November 21 Early 2023"]
[Site "https://www.chess.com"]
[Date "2023.11.21"]
[Round "3"]
[White "Kovalyov_Eduard"]
[Black "Nissinen, Niilo Man"]
[Result "1-0"]
[Board "159"]
[TimeControl "180+1"]
[BlackFideId "30950767"]
[WhiteElo "2544"]
[BlackElo "1854"]
[BlackTeam "HKG"]
[WhiteClock "0:01:04"]
[BlackClock "0:01:22"]

1. Nf3 Nf6 2. g3 d5 3. Bg2 g6 4. O-O Bg7 5. d3 O-O 6. Nc3 c5 7. e4 dxe4 8. dxe4 Qxd1 9. Rxd1 Nc6 10. a3 Bg4 11. Be3 Nd4 12. Bxd4 cxd4 13. Rxd4 Nd7 14. Rd2 Bxc3 15. bxc3 Nc5 16. Ne5 Be6 17. Rb1 Rfd8 18. Rbd1 Rxd2 19. Rxd2 Rc8 20. f4 f6 21. Nd3 Na4 22. e5 b6 23. Nb4 Rxc3 24. Nc6 Kf7 25. Nd8+ Ke8 26. Nxe6 Rxa3 27. Rd8+ Kf7 28. Bd5 Nc3 29. Rf8# 1-0

[Event "November 21 Early 2023"]
[Site "https://www.chess.com"]
[Date "2023.11.21"]
[Round "3"]
[White "Gavrilov, Maxim"]
[Black "Witty_Alien"]
[Result "1-0"]
[Board "160"]
[TimeControl "180+1"]
[WhiteFideId "24271454"]
[WhiteElo "2157"]
[BlackElo "2281"]
[WhiteTeam "RUS"]
[WhiteClock "0:00:07"]
[BlackClock "0:00:02"]

1. d4 e5 2. dxe5 d6 3. exd6 Bxd6 4. Nf3 Nf6 5. e3 Nc6 6. Bd3 Bg4 7. O-O Qd7 8. Nbd2 O-O-O 9. b3 h5 10. Bb2 h4 11. Be2 Qf5 12. Nd4 Nxd4 13. Bxd4 Kb8 14. Bxg4 Bxh2+ 15. Kxh2 Nxg4+ 16. Kg1 Rxd4 17. exd4 Qf4 18. Nf3 h3 19. g3 h2+ 20. Kg2 Qh6 21. Nh4 Qh5 22. Qd3 g5 23. f3 gxh4 24. fxg4 Qd5+ 25. Qf3 h3+ 26. Kxh2 Qxd4 27. Rad1 Qb2 28. Qf2 a6 29. c4 Qc3 30. Qxf7 Ka7 31. Qf2+ b6 32. Qf6 Qc2+ 33. Rf2 Qxd1 34. Qxh8 Qd7 35. Qf6 Qd1 36. Qf4 Qd7 37. g5 a5 38. g6 Ka6 39. Qf6 Qc6 40. g7 Qe4 41. g8=Q Qe2 42. Qa8# 1-0

[Event "November 21 Early 2023"]
[Site "https://www.chess.com"]
[Date "2023.11.21"]
[Round "3"]
[White "Mirzanurov, Bulat"]
[Black "Jeet, Jain"]
[Result "1-0"]
[Board "161"]
[TimeControl "180+1"]
[WhiteFideId "4184521"]
[BlackFideId "5073022"]
[WhiteElo "2005"]
[BlackElo "2067"]
[WhiteTeam "RUS"]
[BlackTeam "IND"]
[WhiteClock "0:00:12"]
[BlackClock "0:00:23"]

1. e4 c6 2. d4 d5 3. e5 c5 4. dxc5 e6 5. Nf3 Bxc5 6. Bd3 Ne7 7. O-O Nbc6 8. Qe2 Ng6 9. a3 a5 10. b3 O-O 11. Bb2 Qc7 12. Nbd2 b6 13. Rfe1 Nf4 14. Qf1 Nxd3 15. Qxd3 Ba6 16. c4 Rfd8 17. Qc2 Rac8 18. cxd5 Rxd5 19. Nc4 b5 20. Ne3 Bxe3 21. Rxe3 b4 22. a4 Ne7 23. Qxc7 Rxc7 24. Nd4 h6 25. f4 Rdc5 26. f5 exf5 27. e6 f6 28. Rd1 Re5 29. Rxe5 fxe5 30. Nf3 Rc6 31. Nxe5 Rxe6 32. Rd8+ Kh7 33. Kf2 Ng8 34. Kf3 Bb7+ 35. Kf4 Bxg2 36. Kxf5 Rf6+ 37. Kg4 Be4 38. Nd7 Rg6+ 39. Kf4 Rd6 40. Nf8+ Kh8 41. Rxd6 Bc2 42. Ng6+ Kh7 43. Nf8+ Kh8 44. Ra6 Bxb3 45. Ng6+ Kh7 46. Nf8+ Kh8 47. Rxa5 Ne7 48. Ra7 Nd5+ 49. Ke5 Ne3 50. Kf4 Nd5+ 51. Kg3 Ne3 52. Bxg7+ Kg8 53. Ng6 Nf5+ 54. Kf4 Nxg7 55. Ne7+ Kf8 56. Nc6 Bd5 57. Nxb4 Bc4 58. a5 Ne6+ 59. Ke5 Ng5 60. a6 Ke8 61. Ra8+ Kd7 62. Rh8 Nf7+ 63. Kd4 Nxh8 64. Kxc4 Kc7 65. Kb5 Nf7 66. Nd5+ Kb8 67. Kb6 Ne5 68. a7+ Kc8 69. a8=Q+ Kd7 70. Qb7+ Ke6 71. Nf4+ Kf5 72. Nd5 Nc4+ 73. Kc5 Ne5 74. Qc8+ Ke4 75. Qh8 Nd3+ 76. Kc4 Ne5+ 77. Kc3 Kxd5 78. Qxh6 Ke4 79. h4 Kf5 80. Qg5+ Ke6 81. h5 Nf3 82. Qg6+ Ke5 83. h6 1-0

[Event "November 21 Early 2023"]
[Site "https://www.chess.com"]
[Date "2023.11.21"]
[Round "3"]
[White "NovoselovRoman"]
[Black "thisjuan"]
[Result "1-0"]
[Board "162"]
[TimeControl "180+1"]
[WhiteElo "2540"]
[BlackElo "2248"]
[WhiteClock "0:01:04"]
[BlackClock "0:00:00"]

1. d4 Nf6 2. Nc3 d5 3. Nf3 c5 4. e3 Nc6 5. Bb5 e6 6. O-O Be7 7. b3 O-O 8. Bb2 a6 9. Bd3 b5 10. dxc5 Bxc5 11. e4 d4 12. Ne2 e5 13. Ng3 Bg4 14. h3 Be6 15. a4 bxa4 16. Rxa4 Qc7 17. Rxa6 Nb4 18. Rxa8 Rxa8 19. Ng5 Bd7 20. Bc1 h6 21. Nf3 Ra2 22. Nh4 Nxd3 23. cxd3 Bf8 24. f4 exf4 25. Bxf4 Qc2 26. Qf3 Bb5 27. e5 Bc6 28. Qf2 Qxf2+ 29. Rxf2 Rxf2 30. Kxf2 Nd5 31. Bd2 1-0

[Event "November 21 Early 2023"]
[Site "https://www.chess.com"]
[Date "2023.11.21"]
[Round "3"]
[White "Jimenez Fernandez, Rebeca"]
[Black "Guliev, Logman"]
[Result "0-1"]
[Board "163"]
[TimeControl "180+1"]
[WhiteFideId "32070934"]
[BlackFideId "13400061"]
[WhiteElo "2015"]
[BlackElo "2098"]
[WhiteTeam "ESP"]
[BlackTeam "AZE"]
[WhiteClock "0:00:06"]
[BlackClock "0:00:53"]

1. e4 c5 2. Nc3 Nc6 3. g3 g6 4. Bg2 Bg7 5. d3 d6 6. Be3 e6 7. Qd2 h5 8. h3 Nge7 9. f4 Qa5 10. Nf3 Nd4 11. O-O O-O 12. e5 Nef5 13. Bf2 Nxf3+ 14. Bxf3 dxe5 15. fxe5 Bxe5 16. g4 Nd4 17. Bg2 hxg4 18. hxg4 Bg7 19. Qg5 Qd8 20. Qxc5 Nxc2 21. Rad1 Bd4 22. Qc4 Ne3 23. Qa4 e5 24. Ne4 Nxd1 25. Qxd1 Kg7 26. Qf3 Be6 27. g5 Bf5 28. Bh3 Bxe4 29. dxe4 Qxg5+ 30. Bg2 Rad8 31. Bxd4 Rxd4 32. Qf2 Rd2 33. Qf3 Rxg2+ 34. Qxg2 Qxg2+ 35. Kxg2 Rc8 36. Kf3 Rc2 37. Rb1 f5 38. exf5 gxf5 39. a4 Kf6 40. b4 Rc3+ 41. Ke2 e4 42. Rh1 Rc4 43. Rb1 Ke5 44. a5 f4 45. b5 Rc2+ 46. Ke1 Ra2 47. a6 bxa6 48. bxa6 Rxa6 49. Rb5+ Kd4 50. Rb4+ Kd5 51. Rb5+ Kc4 52. Re5 Kd4 53. Rb5 Ra3 54. Rb1 f3 55. Kf1 Ke3 56. Re1+ Kf4 57. Rb1 e3 58. Ke1 Kg3 59. Kf1 Ra2 60. Ra1 Rxa1# 0-1

[Event "November 21 Early 2023"]
[Site "https://www.chess.com"]
[Date "2023.11.21"]
[Round "3"]
[White "le-castor-faineant"]
[Black "ChessRespected"]
[Result "0-1"]
[Board "164"]
[TimeControl "180+1"]
[WhiteElo "2236"]
[BlackElo "2535"]
[WhiteClock "0:00:18"]
[BlackClock "0:01:00"]

1. e4 e5 2. Nf3 Nc6 3. Bb5 a6 4. Ba4 b5 5. Bb3 Nf6 6. Qe2 Bc5 7. a4 Rb8 8. axb5 axb5 9. Nc3 O-O 10. O-O b4 11. Nd5 d6 12. d3 h6 13. h3 Be6 14. Be3 Bxe3 15. Qxe3 Bxd5 16. Bxd5 Nxd5 17. exd5 Ne7 18. Qe4 Qd7 19. c4 bxc3 20. bxc3 f5 21. Qc4 Rb5 22. Nxe5 dxe5 23. d6+ Nd5 24. dxc7 Rc8 25. Ra7 Kh7 26. Qa4 Nxc3 27. Qa6 Rxc7 28. Rxc7 Qxc7 29. Kh1 Qb6 30. Qc8 Ne2 31. Qxf5+ Qg6 32. Qd7 Rb2 33. Qd5 Qf5 0-1

[Event "November 21 Early 2023"]
[Site "https://www.chess.com"]
[Date "2023.11.21"]
[Round "3"]
[White "Alinasab, Mobina"]
[Black "Kuchava, Ana"]
[Result "1-0"]
[Board "165"]
[TimeControl "180+1"]
[WhiteFideId "12528897"]
[BlackFideId "13605348"]
[WhiteElo "2052"]
[BlackElo "1950"]
[WhiteTeam "IRI"]
[BlackTeam "GEO"]
[WhiteClock "0:00:51"]
[BlackClock "0:00:02"]

1. Nf3 d5 2. g3 c5 3. Bg2 Nc6 4. d4 cxd4 5. Nxd4 Nf6 6. O-O e6 7. c4 Be7 8. Nc3 O-O 9. cxd5 exd5 10. Bg5 Be6 11. Nb3 d4 12. Bxc6 Bxb3 13. axb3 bxc6 14. Bxf6 Bxf6 15. Ne4 Qe7 16. Qd3 Rfe8 17. Nxf6+ Qxf6 18. Rac1 Rab8 19. Rfd1 h6 20. Rc4 Qe5 21. Rd2 c5 22. Rdc2 Rb5 23. b4 Rxb4 24. Rxc5 Qh5 25. Rxh5 1-0

[Event "November 21 Early 2023"]
[Site "https://www.chess.com"]
[Date "2023.11.21"]
[Round "3"]
[White "Cueto, Jonny"]
[Black "MFatigue"]
[Result "1-0"]
[Board "166"]
[TimeControl "180+1"]
[WhiteFideId "3300145"]
[WhiteElo "2155"]
[BlackElo "2533"]
[WhiteTeam "BOL"]
[WhiteClock "0:00:04"]
[BlackClock "0:00:04"]

1. d4 d5 2. Bf4 Nf6 3. e3 e6 4. Nf3 c5 5. Nbd2 Bd6 6. Ne5 Nc6 7. c3 Qc7 8. Ndf3 Ne4 9. Bd3 f6 10. Nxc6 Bxf4 11. Nxa7 Rxa7 12. exf4 Qxf4 13. Bb5+ Kf7 14. O-O g5 15. c4 Nd6 16. dxc5 Nxc4 17. b3 Na3 18. Qe2 Rd8 19. c6 Nxb5 20. Qxb5 bxc6 21. Qxc6 Rc7 22. Qb6 g4 23. Nd4 Re8 24. g3 Qe5 25. Rfe1 Rb7 26. Qc5 Qc7 27. Nc6 Bd7 28. Rac1 Qxc6 29. Qxc6 Bxc6 30. Rxc6 Rd7 31. Kf1 e5 32. Rec1 d4 33. Rc7 Ree7 34. Rxd7 Rxd7 35. Ke1 Ke6 36. b4 Kd5 37. a4 d3 38. Kd2 Kd4 39. b5 Ra7 40. Ra1 Rc7 41. Ra2 e4 42. b6 Rb7 43. a5 Kc5 44. a6 Rxb6 45. a7 1-0

[Event "November 21 Early 2023"]
[Site "https://www.chess.com"]
[Date "2023.11.21"]
[Round "3"]
[White "Redzisz, Michal"]
[Black "Bilan, Danila"]
[Result "1-0"]
[Board "167"]
[TimeControl "180+1"]
[WhiteFideId "21816107"]
[BlackFideId "24161918"]
[WhiteElo "2068"]
[BlackElo "2146"]
[WhiteTeam "POL"]
[BlackTeam "RUS"]
[WhiteClock "0:00:20"]
[BlackClock "0:00:04"]

1. d4 d5 2. c4 c6 3. Qa4 a6 4. cxd5 b5 5. Qc2 cxd5 6. Nf3 Nf6 7. Bf4 g6 8. Nbd2 Bg7 9. e3 O-O 10. Bd3 Bb7 11. Ne5 Nfd7 12. Ndf3 Nxe5 13. Nxe5 Nd7 14. Nc6 Qe8 15. Na5 Rc8 16. Qd2 Ba8 17. O-O e5 18. dxe5 Nxe5 19. Bxe5 Qxe5 20. Rab1 d4 21. e4 Rfe8 22. f3 g5 23. Rbc1 Bf8 24. Rxc8 Rxc8 25. Rc1 Re8 26. Nc6 Qd6 27. Qxg5+ Kh8 28. e5 Qe6 29. Nd8 Qxe5 30. Qxe5+ Rxe5 31. Nxf7+ 1-0

[Event "November 21 Early 2023"]
[Site "https://www.chess.com"]
[Date "2023.11.21"]
[Round "3"]
[White "Baches Garcia, Guillermo"]
[Black "Chemin, Justo Reinaldo"]
[Result "1-0"]
[Board "168"]
[TimeControl "180+1"]
[WhiteFideId "2209764"]
[BlackFideId "2101580"]
[WhiteElo "2532"]
[BlackElo "1940"]
[WhiteTeam "ESP"]
[BlackTeam "BRA"]
[WhiteClock "0:01:15"]
[BlackClock "0:00:12"]

1. d4 d5 2. Nc3 c6 3. Bf4 Nf6 4. e3 Bf5 5. Bd3 Bxd3 6. cxd3 Nbd7 7. g4 h6 8. h4 e6 9. Qf3 Qb6 10. O-O-O c5 11. dxc5 Bxc5 12. g5 Ng8 13. d4 Bb4 14. Nge2 Ne7 15. Rhg1 h5 16. Kb1 g6 17. Rc1 Nf5 18. Ng3 Nxh4 19. Qh1 Nf5 20. Nxf5 gxf5 21. g6 fxg6 22. Rxg6 Rc8 23. Nxd5 Rxc1+ 24. Qxc1 exd5 25. Rxb6 Nxb6 26. Qc7 Be7 27. Qb8+ Bd8 28. Qe5+ Kd7 29. Qxh8 Nc4 30. Qxh5 Nd2+ 31. Kc2 Ne4 32. Qxf5+ 1-0

[Event "November 21 Early 2023"]
[Site "https://www.chess.com"]
[Date "2023.11.21"]
[Round "3"]
[White "Essing, Arnold"]
[Black "Zomorrodian, Eilia"]
[Result "0-1"]
[Board "169"]
[TimeControl "180+1"]
[WhiteFideId "4619862"]
[BlackFideId "12551805"]
[WhiteElo "2257"]
[BlackElo "2109"]
[WhiteTeam "GER"]
[BlackTeam "CAN"]
[WhiteClock "0:00:42"]
[BlackClock "0:01:19"]

1. d4 Nf6 2. Nf3 g6 3. c4 Bg7 4. Nc3 O-O 5. e4 d6 6. Be2 c5 7. d5 e6 8. Bg5 exd5 9. cxd5 Re8 10. Nd2 b6 11. O-O Ba6 12. Bxa6 Nxa6 13. Re1 Nc7 14. a4 a6 15. f3 b5 16. axb5 axb5 17. Rxa8 Qxa8 18. Bf4 b4 19. Na4 Nb5 20. Nc4 Qa6 21. b3 Nh5 22. Bd2 Nc3 23. Bxc3 bxc3 24. Qc2 Bd4+ 25. Kh1 Nf4 26. g3 Nxd5 27. Re2 Nb4 28. Qc1 d5 0-1

[Event "November 21 Early 2023"]
[Site "https://www.chess.com"]
[Date "2023.11.21"]
[Round "3"]
[White "Deng, Henry"]
[Black "Osmonbekov, Talaibek"]
[Result "1-0"]
[Board "170"]
[TimeControl "180+1"]
[WhiteFideId "30965454"]
[BlackFideId "2017253"]
[WhiteElo "2531"]
[BlackElo "2135"]
[WhiteTeam "USA"]
[BlackTeam "USA"]
[WhiteClock "0:01:12"]
[BlackClock "0:00:00"]

1. e4 c5 2. Nc3 Nc6 3. Bb5 Nd4 4. Nf3 Nxb5 5. Nxb5 g6 6. d4 Bg7 7. e5 Qa5+ 8. Nc3 cxd4 9. Qxd4 d6 10. Bf4 Nh6 11. Qd5 Qb4 12. Qb5+ Qxb5 13. Nxb5 dxe5 14. O-O-O O-O 15. Bxe5 Bxe5 16. Nxe5 Ng4 17. Nxg4 Bxg4 18. f3 a6 19. Nd4 Bd7 20. Rhe1 Rfe8 21. Nb3 Bc6 22. Na5 Rac8 23. Nxc6 bxc6 24. Rd7 Kf8 25. Red1 h5 26. c3 e6 27. R1d6 Re7 28. Rd8+ Re8 29. Rxc8 Rxc8 30. Rd7 e5 31. Ra7 f5 32. Rxa6 Kf7 33. Ra3 Kf6 34. c4 e4 35. Kd2 Ke5 36. Ke2 Rb8 37. Rb3 Ra8 38. a3 Kd4 39. Rc3 c5 40. fxe4 fxe4 41. Rg3 Rb8 42. b3 h4 43. Rh3 g5 44. g4 1-0

[Event "November 21 Early 2023"]
[Site "https://www.chess.com"]
[Date "2023.11.21"]
[Round "3"]
[White "Do Nascimento,Christian Almeida"]
[Black "seasidesunset"]
[Result "1-0"]
[Board "171"]
[TimeControl "180+1"]
[WhiteFideId "2143801"]
[WhiteElo "2118"]
[BlackElo "2184"]
[WhiteTeam "BRA"]
[WhiteClock "0:00:54"]
[BlackClock "0:00:13"]

1. e4 c5 2. Nf3 d6 3. d4 cxd4 4. Nxd4 Nf6 5. Nc3 a6 6. Be2 e5 7. Nb3 Be7 8. Be3 Be6 9. Nd5 Nxd5 10. exd5 Bf5 11. c4 Nd7 12. O-O O-O 13. f4 exf4 14. Bxf4 Bg6 15. Kh1 Ne5 16. Bxe5 dxe5 17. c5 Bg5 18. d6 a5 19. Qd5 a4 20. Nd2 Bxd2 21. Qxd2 Be4 22. Bf3 Bxf3 23. Rxf3 Qd7 24. Qd5 Rae8 25. b4 axb3 26. axb3 e4 27. Re3 Qg4 28. Rae1 Kh8 29. Rxe4 Rxe4 30. Qxe4 Qg5 31. Qe7 Qxe7 32. Rxe7 Rc8 33. d7 Rf8 34. Re8 Kg8 35. d8=Q Rxe8 36. Qxe8# 1-0

[Event "November 21 Early 2023"]
[Site "https://www.chess.com"]
[Date "2023.11.21"]
[Round "3"]
[White "SeLaPegoACualquiera"]
[Black "Graca, Robert"]
[Result "1-0"]
[Board "172"]
[TimeControl "180+1"]
[BlackFideId "644943"]
[WhiteElo "2159"]
[BlackElo "2204"]
[BlackTeam "FRA"]
[WhiteClock "0:01:06"]
[BlackClock "0:00:04"]

1. e4 c5 2. Nf3 d6 3. d4 cxd4 4. c3 Nf6 5. e5 dxe5 6. Nxe5 Nbd7 7. Nf3 dxc3 8. Nxc3 g6 9. Bc4 Bg7 10. Bxf7+ Kxf7 11. Ng5+ Ke8 12. Ne6 Qb6 13. Nxg7+ Kf7 14. Bh6 Rg8 15. Qe2 e5 16. Qc4+ Ke7 17. O-O Qc6 18. Qb4+ Qc5 19. Qb3 Qb6 20. Nd5+ Nxd5 21. Qxd5 Nf6 22. Qxe5+ Kf7 23. Rac1 Bd7 24. Rc7 Rad8 25. Re1 Qb4 26. Qe6+ Kf8 27. Ne8+ Rg7 28. Bxg7# 1-0

[Event "November 21 Early 2023"]
[Site "https://www.chess.com"]
[Date "2023.11.21"]
[Round "3"]
[White "Mangialardo, Tiago Carvalho"]
[Black "Malyi, Viacheslav"]
[Result "0-1"]
[Board "173"]
[TimeControl "180+1"]
[WhiteFideId "2130718"]
[BlackFideId "14123983"]
[WhiteElo "2154"]
[BlackElo "2291"]
[WhiteTeam "BRA"]
[BlackTeam "UKR"]
[WhiteClock "0:00:00"]
[BlackClock "0:00:19"]

1. e4 c5 2. Nf3 d6 3. Bb5+ Bd7 4. Bxd7+ Qxd7 5. O-O Nc6 6. c3 e6 7. d4 cxd4 8. cxd4 Nf6 9. Nc3 Be7 10. Qe2 O-O 11. d5 Ne5 12. Nxe5 dxe5 13. Rd1 exd5 14. Nxd5 Nxd5 15. Rxd5 Qe6 16. Be3 a6 17. Rad1 Rfd8 18. Qc4 Rxd5 19. Rxd5 Rc8 20. Qb3 b5 21. h3 h6 22. a4 b4 23. a5 Kh7 24. Qd3 Rc6 25. Rd7 Bc5 26. Bxc5 Rxc5 27. Rd6 Qe7 28. Rxa6 Qg5 29. g3 Qc1+ 30. Kg2 Qxb2 31. Ra7 Qd4 32. Qf3 Qd8 33. Rxf7 Rxa5 34. Qf5+ Kh8 35. Qg6 Qg8 36. Qf5 Ra8 37. Qxe5 Rb8 38. Re7 b3 39. g4 b2 40. g5 b1=Q 41. gxh6 Qb2 42. hxg7+ Qxg7+ 0-1

[Event "November 21 Early 2023"]
[Site "https://www.chess.com"]
[Date "2023.11.21"]
[Round "3"]
[White "Petersson, Kjell"]
[Black "brm72"]
[Result "0-1"]
[Board "174"]
[TimeControl "180+1"]
[WhiteFideId "1705148"]
[WhiteElo "1994"]
[BlackElo "2526"]
[WhiteTeam "SWE"]
[WhiteClock "0:00:39"]
[BlackClock "0:00:41"]

1. d4 Nf6 2. Bf4 g6 3. Nc3 d5 4. e3 Bg7 5. Nb5 Na6 6. Nc3 O-O 7. Bxa6 bxa6 8. Be5 a5 9. Nge2 Ba6 10. O-O Ne4 11. Bxg7 Kxg7 12. Nxe4 dxe4 13. Re1 c5 14. dxc5 Qc7 15. Qd4+ e5 16. Qxe4 Qxc5 17. b3 f5 18. Qa4 Qxc2 19. Rac1 Qd2 20. Rcd1 Qb4 21. Qd7+ Rf7 22. Qd5 Re8 23. Ng3 Bb7 24. Qd3 h5 25. Rc1 h4 26. Ne2 Qg4 27. h3 Qxg2# 0-1